 Dungeon Crawl Stone Soup version 0.30-a0-639-g3916f1956a (webtiles) character file.

Game seed: 12236725609732980737

4 drugrobin the Sneak (level 1, 0/18 HPs)
             Began as a Demigod Delver on Jan 16, 2023.
             Succumbed to a kobold's poison
             ... on level 3 of the Dungeon.
             The game lasted 00:03:16 (421 turns).

drugrobin the Sneak (Demigod Delver)                 Turns: 421, Time: 00:03:17

Health: 0/18       AC:  3    Str: 13    XL:     1   Next: 46%
Magic:  3/3        EV: 11    Int: 12    God:
Gold:   26         SH:  0    Dex: 15    Spells: 0/0 levels left

rFire   . . .      SeeInvis .      - Unarmed
rCold   . . .      Faith    .    (no shield)
rNeg    . . .      Spirit   .    a - +0 leather armour
rPois   .          Reflect  .    (no helmet)
rElec   .          Harm     .    (no cloak)
rCorr   .          Rampage  .    (no gloves)
Will    .....                    (no boots)
Stlth   +++                      (no amulet)
HPRegen 0.23/turn                (no ring)
MPRegen 0.08/turn                (no ring)

@: lethally poisoned (0 -> -6)
A: high MP 1, forlorn, divine attributes
a: no special abilities


You were on level 3 of the Dungeon.
You visited 1 branch of the dungeon, and saw 3 of its levels.

You collected 26 gold pieces.

Inventory:

Armour
 a - a +0 leather armour (worn)
Scrolls
 b - a scroll of fog
Potions
 e - a potion of haste


   Skills:
 - Level 2.6 Fighting
 - Level 1.7 Dodging
 - Level 4.5 Stealth
 + Level 2.2 Unarmed Combat


You couldn't memorise any spells.
You didn't know any spells.
Your spell library was empty.

Dungeon Overview and Level Annotations

Branches:
Dungeon (5/15)
 Temple: D:4-7

Annotations:
D:3 Grinder, Robin
D:4 Ijyb, Sigmund


Innate Abilities, Weirdness & Mutations

You have an increased reservoir of magic. (+10% MP)
You shall have no god before yourself.
Your divine heritage dramatically boosts your attributes as you level up.


Message History

You close the door.
There is a stone staircase leading up here.
A kobold comes into view.
It is wielding a +0 dagger and quivering poisoned darts.
Unknown command.
Unknown command.
Unknown command.
Unknown command.
There is a stone staircase leading up here.
Unknown command.
There is a stone staircase leading up here.
Unknown command.
There is a stone staircase leading up here.
There is a stone staircase leading up here.
The kobold shouts!
There is a stone staircase leading up here.
You start waiting.
A kobold is nearby!
The kobold throws a poisoned dart.
The poisoned dart hits you!
You are poisoned.
You feel very sick.
You feel sick.
The kobold throws a poisoned dart.
The poisoned dart barely misses you.
You feel sick.
You open the door.
You feel sick.
The kobold throws a poisoned dart.
The poisoned dart hits you!
You are lethally poisoned!
Unknown command.
You feel very sick.
There is an open door here.
* * * LOW HITPOINT WARNING * * *
You feel very sick.
Okay, then.
Okay, then.
Okay, then.
There is a lethal amount of poison in your body!
* * * LOW HITPOINT WARNING * * *
You feel sick.
* * * LOW HITPOINT WARNING * * *
You feel sick.
You die...

#.# #...#
#.##############...#
#.....†............+
######.............#
.# #.............#
K#####
#.............#
#.....
##########....#
....# #....# ....#
#.@..# ....#
##'#########....#
#........K<.....+
#...............#
#...............#
#...........#+###
##+##########


There were no monsters in sight!

Vanquished Creatures
  2 goblins (D:3)
  A hobgoblin (D:3)
  A rat (D:3)
4 creatures vanquished.

Vanquished Creatures (others)
  3 fungi (D:3)
3 creatures vanquished.

Grand Total: 7 creatures vanquished

Notes
Turn   | Place    | Note
-------+----------+-------------------------------------------
     0 | D:5      | drugrobin the Demigod Delver began the quest for the Orb.
     0 | D:5      | Reached XP level 1. HP: 18/18 MP: 3/3
    32 | D:4      | Noticed Ijyb
    32 | D:4      | Noticed Sigmund
    38 | D:4      | Noticed an iguana
   275 | D:3      | Noticed Grinder
   275 | D:3      | Noticed Robin
   275 | D:3      | Paralysed by Grinder for 4 turns
   421 | D:3      | Succumbed to a kobold's poison

Illustrated notes

Levels and vault maps discovered:
D:3:      layout_basic, uniq_crazy_yiuf_cottage, uniq_grinder, uniq_robin
D:4:      layout_rooms, serial_shops, nicolae_square_shop, uniq_ijyb,
          uniq_sigmund
D:5:      layout_loops_ring, minmay_splitting_lines, uniq_prince_ribbit1,
          uniq_pikel

Skill      XL: |  1 |
---------------+----+-----
Unarmed Combat | 2 |  2.2
Fighting       | |  2.6
Dodging        | |  1.7
Stealth        | |  4.5

Action                   || total
-------------------------++-------
Melee: Unarmed           ||     8
Evoke: Wand              ||     3
  Use: Scroll            ||     2
Armor: Leather armour    ||     4
Dodge: Dodged            ||     6

Table legend: (Time is in decaauts)
 A = Elapsed time spent in this place.
 B = Non-inter-level travel time spent in this place.
 C = Inter-level travel time spent in this place.
 D = Time resting spent in this place.
 E = Time spent auto-exploring this place.
 F = Levels seen in this place.
 G = Mean time per level.
                   A        B        C        D        E       F      G
               +--------+--------+--------+--------+--------+-----+--------+
         Total |    421 |    421 |      0 |     40 |     44 |   3 |  140.3 |
       Dungeon |    421 |    421 |      0 |     40 |     44 |   3 |  140.3 |
               +--------+--------+--------+--------+--------+-----+--------+

Top non-repeatable levels by time:
     D:3: 257 daAuts
     D:4: 134 daAuts
     D:5: 30 daAuts
